details: 'undead acolytes'

« prev index next »

General information

Mini Map

Players

team 1
NightElfb0lt (teal | 114 APM | 1309 actions | 11:28)
Hero icon 2 Demon Hunter
Ability icon 1 Mana Burn
Ability icon 1 Evasion

» actions
Assign group hotkey26
Basic commands3
Build / train27
Enter build submenu14
Enter hero's abilities submenu2
Right click896
Select / deselect169
Select group hotkey121
Use ability51
1309 total
» units
Wisp12
Archer8
Dryad2
22 total
» upgrades
Strength of the Wild1
1 total
» buildings
Altar of Elders1
Moon Well4
Ancient of War1
Hunter's Hall1
Tree of Ages1
Ancient of Wonders1
Ancient Protector4
Ancient of Lore2
15 total
» build order
00:06 Altar of Elders
00:08 Moon Well
01:40 Ancient of War
01:45 Moon Well
02:28 Hunter's Hall
03:12 Tree of Ages
04:27 Ancient of Wonders
04:56 Moon Well
05:44 Ancient Protector
05:46 Ancient Protector
05:47 Ancient Protector
05:49 Ancient Protector
07:37 Ancient of Lore
07:38 Ancient of Lore
11:07 Moon Well
OrcshArAh0evA (purple | 115 APM | 1319 actions | 11:27)
Hero icon 4 Far Seer
Ability icon 2 Feral Spirit
Ability icon 2 Chain Lighting

» actions
Assign group hotkey59
Basic commands6
Build / train36
ESC pressed1
Enter build submenu10
Enter hero's abilities submenu4
Right click955
Select / deselect173
Select group hotkey31
Use ability44
1319 total
» units
Peon7
Grunt6
Raider4
17 total
» upgrades
Berserker Strength1
Ensnare1
Pillage1
Armor2
Melee Weapons1
6 total
» buildings
Altar of Storms1
Orc Burrow4
Barracks1
Voodoo Lounge1
Stronghold1
Beastiary2
War Mill1
11 total
» build order
00:11 Altar of Storms
00:21 Orc Burrow
00:35 Barracks
01:29 Voodoo Lounge
02:04 Orc Burrow
03:25 Stronghold
04:22 Orc Burrow
05:52 Beastiary
05:56 Beastiary
07:03 War Mill
08:44 Orc Burrow
» items
Healing Salve2
Lesser Clarity Potion2
Potion of Healing1
Potion of Mana1
6 total
team 2
Random» Orcsld)sylar (red | 57 APM | 651 actions | 11:27)
Hero icon 2 Blademaster
Ability icon 1 Wind Walk
Ability icon 1 Critical Strike

» actions
Assign group hotkey10
Basic commands50
Build / train33
Enter build submenu10
Enter hero's abilities submenu3
Remove unit from queue7
Right click236
Select / deselect127
Select group hotkey149
Use ability26
651 total
» units
Peon7
Grunt5
Raider1
Shaman-1
Spirit Walker2
Demolisher1
15 total
» buildings
Altar of Storms1
Orc Burrow3
Barracks1
Voodoo Lounge1
Stronghold2
Beastiary1
Spirit Lodge1
War Mill1
11 total
» build order
00:15 Altar of Storms
00:21 Orc Burrow
00:38 Barracks
01:54 Voodoo Lounge
02:13 Orc Burrow
03:35 Stronghold
05:40 Orc Burrow
07:15 Beastiary
07:18 Spirit Lodge
09:26 War Mill
» items
Healing Salve4
Lesser Clarity Potion2
Scroll of Town Portal1
7 total
Undeadsld)usma (orange | 133 APM | 1510 actions | 11:23)
Hero icon 3 Death Knight
Ability icon 2 Death Coil
Ability icon 1 Unholy Aura
Hero icon 1 Blademaster
Ability icon 1 Wind Walk

» actions
Assign group hotkey62
Basic commands74
Build / train29
ESC pressed3
Enter build submenu17
Enter hero's abilities submenu4
Give item / drop item1
Right click708
Select / deselect217
Select group hotkey350
Use ability45
1510 total
» units
Acolyte14
Ghoul4
Crypt Fiend3
21 total
» buildings
Graveyard3
Crypt1
Altar of Darkness2
Ziggurat4
Tomb of Relics1
Halls of the Dead2
13 total
» build order
00:21 Graveyard
00:27 Graveyard
00:37 Crypt
00:55 Altar of Darkness
01:07 Ziggurat
01:42 Tomb of Relics
02:29 Ziggurat
04:06 Ziggurat
04:46 Ziggurat
08:32 Halls of the Dead
08:36 Altar of Darkness
10:09 Graveyard
» items
Rod of Necromancy1
1 total